Map: Corrosion EC

Players

HoldTheDoor - Winner!

  • Race: Protoss Protoss
  • League: Diamond
  • Spawn Location: 11:00

kasskran

  • Race: Terran Terran
  • League: Diamond
  • Spawn Location: 5:00

VOD

Have the link to the VOD?

Description

Time

  • Played on: July 11, 2018, 9:43 a.m.
  • Length: 18:06
Show
View Real Time Build Order
Export as new Build Order

HoldTheDoor Protoss - Winner!

Build Orders: Double Forge 

Get SALT Encoding   

  12  0:00  Probe  
  13  0:12  Probe  
  14  0:22  Pylon  
  14  0:24  Probe  
  15  0:40  Probe  
  16  0:44  Gateway  
  16  0:48  Probe  
  16  0:51  Assimilator  
  16  0:56  Probe  
  17  0:59  Assimilator  
  18  1:13  Gateway  
  18  1:17  Probe  
  19  1:29  Probe  
  20  1:41  Probe  
  20  1:53  Cybernetics Core, Probe  
  20  1:54  Pylon  
  21  2:05  Probe  
  22  2:17  Probe  
  23  2:25  Warp Gate  
  23  2:26  Nexus  
  23  2:29  Probe  
  24  2:30  Stalker  
  24  2:32  Sentry  
  28  2:41  Probe  
  29  2:46  Pylon  
  29  2:53  Probe  
  30  3:04  Stalker  
  32  3:07  Probe  
  32  3:09  Stalker  
  35  3:19  Probe  
  36  3:27  Pylon  
  36  3:30  Robotics Facility  
  36  3:31  Probe  
  37  3:38  Probe  
  38  3:43  Probe  
  39  3:50  Probe  
  39  3:54  Shield Battery  
  40  3:56  Probe  
  40  4:02  Forge  
  41  4:04  Forge  
  41  4:05  Probe  
  41  4:09  Probe  
  43  4:16  Protoss Ground Armor Level 1  
  43  4:17  Protoss Shields Level 1  
  43  4:18  Probe, Pylon  
  43  4:21  Observer  
  45  4:30  Probe  
  46  4:33  Probe  
  47  4:42  Probe  
  48  4:45  Probe, Photon Cannon  
  48  4:51  Immortal  
  53  4:54  Probe  
  47  5:17  Probe  
  48  5:23  Stalker x2  
  52  5:30  Probe x2  
  54  5:37  Twilight Council  
  54  5:40  Immortal, Pylon  
  58  5:46  Stalker  
  60  5:51  Assimilator  
  60  5:53  Assimilator  
  60  6:05  Pylon  
  60  6:14  Stargate  
  60  6:15  Probe x2  
  62  6:23  Observer  
  63  6:27  Probe  
  64  6:32  Stalker  
  64  6:33  Stalker  
  64  6:37  Probe  
  64  6:39  Probe  
  70  6:44  Protoss Ground Armor Level 2  
  70  6:46  Charge  
  70  6:49  Phoenix  
  70  6:51  Gateway  
  70  6:53  Gateway  
  70  6:55  Gateway  
  70  6:57  Pylon  
  72  7:08  Probe x2  
  73  7:12  Pylon  
  74  7:20  Probe  
  75  7:22  Pylon  
  75  7:25  Nexus  
  75  7:41  Stalker, Zealot  
  75  7:42  Probe  
  75  7:43  Probe  
  81  7:47  Pylon  
  81  7:49  Void Ray, Pylon  
  85  7:55  Probe  
  86  8:01  Probe  
  86  8:02  Photon Cannon  
  86  8:04  Photon Cannon  
  87  8:07  Probe  
  88  8:22  Pylon  
  88  8:23  Protoss Shields Level 2  
  88  8:26  Photon Cannon  
  88  8:28  Immortal  
  92  8:36  Void Ray  
  96  8:43  Zealot x3  
  96  8:45  Probe  
  96  8:47  Probe  
  104  8:48  Probe  
  105  8:58  Assimilator, Probe  
  105  8:59  Probe  
  107  9:04  Assimilator, Pylon  
  107  9:06  Photon Cannon  
  107  9:07  Probe  
  108  9:13  Shield Battery  
  108  9:26  Zealot x5  
  118  9:38  Robotics Bay  
  118  9:39  Pylon  
  118  9:42  Probe, Pylon  
  118  9:44  Probe x2  
  121  9:48  Protoss Ground Armor Level 3  
  121  9:52  Zealot x5  
  129  9:59  Gateway  
  131  10:01  Void Ray  
  131  10:03  Protoss Air Armor Level 1  
  135  10:14  Probe  
  135  10:15  Probe  
  135  10:16  Probe  
  135  10:18  Colossus  
  138  10:26  Extended Thermal Lance  
  138  10:30  Probe x2  
  146  10:35  Zealot x2  
  150  10:43  Protoss Ground Weapons Level 1  
  150  10:44  Templar Archives  
  150  10:49  Void Ray  
  154  11:01  Pylon  
  154  11:04  Nexus  
  154  11:06  Pylon  
  154  11:08  Sentry x2  
  158  11:12  Probe x2  
  158  11:18  Colossus  
  165  11:27  Zealot x3  
  165  11:28  Zealot  
  115  11:50  Zealot x2  
  115  11:51  Zealot x3  
  121  11:58  Probe x2  
  103  12:10  Probe  
  94  12:19  Stalker x6  
  104  12:23  Probe x2  
  104  12:24  Probe  
  105  12:35  Probe x2  
  107  12:40  Pylon  
  107  12:42  Pylon  
  107  12:45  Pylon, Phoenix  
  107  12:47  Probe x2  
  107  12:49  Photon Cannon  
  107  12:50  Assimilator  
  87  13:39  High Templar x5  
  87  13:40  High Templar  
  99  13:43  Archon  
  99  13:44  Archon x2  
  99  13:46  Warp Prism  
  99  13:49  Phoenix  
  99  13:51  Protoss Shields Level 3, Protoss Ground Weapons Level 2  
  103  14:03  Probe  
  103  14:04  Probe x2  
  103  14:07  Assimilator  
  106  14:13  Zealot x6  
  106  14:15  Probe  
  106  14:16  Probe x2  
  121  14:17  Phoenix  
  121  14:24  Gateway x2  
  123  14:26  Pylon  
  123  14:28  Probe, Immortal  
  128  14:59  High Templar x5  
  138  15:07  Archon x2  
  138  15:08  Immortal  
  138  15:09  Zealot  
  108  15:30  Zealot  
  108  15:31  Zealot x3  
  108  15:32  Zealot x2  
  86  15:55  High Templar x2  
  86  15:56  High Templar x2  
  92  15:58  Zealot  
  92  15:59  Zealot  
  92  16:01  Archon x2  
  92  16:03  Probe x3  
  99  16:07  Immortal  
  103  16:14  Zealot x2  
  103  16:15  Probe  
  108  16:21  Zealot x2  
  112  16:29  Zealot x4  
  120  16:37  Probe x2  
  122  16:43  Pylon  
  92  16:56  Zealot x3  
  92  16:57  Zealot x5  
  108  17:11  Gateway  
  108  17:13  Probe x2, Gateway  
  110  17:15  Gateway  
  110  17:17  Zealot x5, Pylon  
  110  17:18  Zealot x2  
  122  17:27  Stalker  
  120  17:44  Zealot x5  
Show
View Real Time Build Order
Export as new Build Order

kasskran Terran 

Build Orders: MMM Bio 

Get SALT Encoding   

  12  0:01  SCV  
  13  0:13  SCV  
  14  0:18  Supply Depot  
  14  0:25  SCV  
  15  0:29  Refinery  
  15  0:40  SCV  
  16  0:46  Barracks  
  16  0:52  SCV  
  17  1:04  SCV  
  18  1:16  SCV  
  19  1:24  Supply Depot  
  19  1:28  SCV  
  19  1:40  Marine  
  19  1:44  Factory, Orbital Command  
  20  2:01  Bunker  
  20  2:08  Marine  
  20  2:10  SCV  
  22  2:22  SCV  
  23  2:23  Supply Depot  
  23  2:26  Marine  
  24  2:30  Starport  
  24  2:31  Hellion  
  26  2:38  SCV  
  27  2:44  Marine  
  27  2:46  Engineering Bay  
  28  2:53  Hellion  
  28  2:55  SCV  
  31  3:01  Supply Depot  
  31  3:08  Medivac  
  31  3:11  SCV  
  34  3:12  Marine  
  35  3:20  Missile Turret  
  35  3:25  SCV  
  36  3:30  Marine  
  36  3:33  Missile Turret  
  37  3:37  Hellion  
  37  3:39  SCV  
  40  3:43  Starport Tech Lab  
  39  3:51  SCV  
  40  4:06  Marine  
  40  4:07  SCV  
  42  4:12  Command Center, Factory Tech Lab  
  42  4:19  SCV, Raven  
  45  4:28  Barracks Tech Lab  
  45  4:31  SCV  
  45  4:33  Refinery  
  46  4:43  SCV  
  47  4:48  Supply Depot  
  47  4:51  Supply Depot  
  47  5:10  SCV, Widow Mine  
  50  5:15  Marauder  
  50  5:21  Supply Depot x2  
  52  5:22  SCV  
  52  5:27  Barracks x2  
  53  5:28  Barracks  
  53  5:34  SCV  
  53  5:35  Orbital Command  
  54  5:36  Starport Reactor  
  54  5:46  SCV  
  55  5:51  Siege Tank  
  55  5:56  Supply Depot  
  58  5:58  SCV  
  58  6:02  Marauder  
  61  6:04  Orbital Command  
  61  6:09  Stimpack  
  61  6:16  Barracks Tech Lab  
  61  6:17  Barracks Reactor  
  61  6:28  Refinery  
  61  6:32  Refinery  
  61  6:36  Supply Depot  
  61  6:38  Engineering Bay  
  61  6:39  Marine x3  
  64  6:54  Missile Turret  
  64  6:56  Marine  
  64  6:57  Marauder, Marine  
  64  6:59  SCV  
  69  7:09  Medivac x2  
  69  7:11  SCV  
  69  7:12  SCV  
  69  7:15  Marauder  
  77  7:18  Marine, Terran Infantry Weapons Level 1  
  77  7:19  Terran Infantry Armor Level 1  
  78  7:24  SCV  
  79  7:36  SCV, Marine  
  79  7:39  Marauder x2  
  79  7:40  Marine  
  84  7:47  Command Center  
  84  7:48  SCV, Marine  
  86  7:54  Marauder  
  86  7:55  Barracks  
  86  7:57  Marine  
  89  8:01  Marauder x2  
  89  8:03  SCV x2  
  95  8:06  Marine  
  96  8:16  Medivac x2  
  96  8:19  Marine x2  
  100  8:21  SCV  
  103  8:31  Siege Tank  
  103  8:32  Marine x2  
  103  8:33  Marauder  
  110  8:39  Supply Depot, SCV  
  111  8:42  Armory  
  111  8:45  Barracks Tech Lab  
  111  8:46  Medivac x2  
  111  8:48  Barracks  
  115  8:52  SCV  
  116  8:59  Supply Depot  
  116  9:01  Planetary Fortress  
  116  9:04  SCV  
  116  9:05  Supply Depot  
  116  9:08  Marine x2  
  119  9:12  Marauder  
  119  9:13  Marine  
  119  9:16  Marine  
  123  9:20  Marine  
  123  9:22  Concussive Shells  
  124  9:24  Combat Shields  
  124  9:26  Marine  
  124  9:29  Supply Depot  
  124  9:31  Supply Depot  
  125  9:36  Terran Infantry Weapons Level 2  
  125  9:39  Barracks Reactor  
  125  9:42  Terran Infantry Armor Level 2  
  125  9:54  Marine x5  
  125  9:55  Marine  
  131  10:00  Medivac x2  
  131  10:04  SCV x2  
  137  10:12  Marine x2  
  137  10:13  Marauder, Marine  
  137  10:14  Marauder  
  144  10:16  SCV, Siege Tank  
  144  10:19  SCV x2  
  150  10:25  Marine x2  
  150  10:26  Marauder  
  154  10:28  SCV  
  154  10:31  Terran Vehicle Weapons Level 1  
  154  10:32  Supply Depot  
  154  10:35  Supply Depot  
  155  10:37  Marine x3  
  158  11:01  Marauder x3  
  158  11:02  Marine  
  165  11:04  Command Center  
  151  11:46  Marine x2  
  151  11:47  Marine x5  
  135  11:49  Medivac x2  
  135  11:52  Marauder  
  132  11:57  Terran Infantry Weapons Level 3  
  132  12:04  Marine x3  
  132  12:05  Marauder x2, Marine  
  132  12:06  Marauder  
  141  12:13  Marauder  
  129  12:19  Medivac  
  129  12:22  Marine  
  115  12:24  Marine x3  
  115  12:27  Marauder x3  
  115  12:29  Refinery  
  118  12:31  Refinery  
  118  12:34  Marauder  
  118  12:35  Medivac  
  122  12:40  Marine  
  122  12:42  Marine x3  
  125  12:48  Marauder, Marine x2  
  125  12:49  Medivac  
  125  12:50  Planetary Fortress  
  131  12:56  Marauder  
  131  12:57  Marine  
  134  13:00  Marine x2  
  134  13:05  Medivac  
  128  13:06  Marauder x2  
  128  13:09  Marauder  
  122  13:16  Command Center  
  122  13:17  Marauder  
  101  13:27  Marauder  
  101  13:28  Marauder  
  101  13:31  Marauder  
  102  13:39  Marauder  
  104  13:45  Viking  
  106  13:49  Marauder x2  
  106  13:52  Marauder  
  112  14:00  Marauder  
  114  14:03  Command Center  
  114  14:08  Starport  
  114  14:10  Marauder x2  
  114  14:11  Viking  
  114  14:14  Marauder  
  114  14:15  Viking  
  114  14:16  Siege Tank  
  127  14:17  Marine x4  
  127  14:21  Marine  
  127  14:22  SCV  
  127  14:23  SCV x2  
  135  14:32  Terran Infantry Armor Level 3  
  135  14:34  Neosteel Frame  
  135  14:37  Marine x4  
  135  14:38  Marine  
  140  14:41  Refinery  
  140  14:43  Refinery  
  140  14:55  Marauder x3  
  140  14:56  Marauder  
  138  15:09  Marine x4  
  142  15:15  Planetary Fortress  
  142  15:16  Marine x3  
  142  15:17  Marine  
  139  15:27  Marine x2  
  70  15:36  Marine x6  
  68  15:44  Marine  
  68  15:49  Marine  
  63  15:53  Marine  
  63  15:54  Marine x5  
  66  16:02  Marine  
  67  16:07  Marine  
  68  16:11  Marine x2, Medivac  
  68  16:12  Marine x4, Medivac  
  78  16:20  Marine  
  78  16:21  SCV  
  78  16:25  Marine  
  81  16:29  SCV, Marine x2  
  81  16:30  Marauder x3  
  90  16:35  Starport Reactor  
  90  16:41  Siege Tank, Medivac x2  
  88  17:04  Marauder x4  
  96  17:13  Siege Tank  
  75  17:25  Marauder  
  64  17:34  Marauder x2  
  64  17:35  Marauder, Marine  
  71  17:37  Marine  
Tags
 
Composition
MMM Bio
Matchup
PvT
Spawn Locations
Cross Positions
Add a new tag
Caveats
  • Supply blocks, unpowered buildings, or Contaminate may cause inaccurate times.
  • Supply counts are checked every 10 seconds.